AoeStats
← Malcolm Little

Arabia

507628505Analyzed
3v3 RM · 13d ago on Sep 19, 2026· 53m 24s· 6 players
Game mode
Random Map
Map size
Normal (6 player)
Population
200
Speed
Normal
Resources
Standard
Victory
Conquest
Starting age
Dark Age
Ending age
Imperial Age
RankedLock teamsTeams togetherTeam positionsShared explorationLock speedFull tech treeHidden civsTurbo modeCheats
Victory
Defeat
🇨🇱 Spanish · Chile
1458
+10
🇩🇴 Persians · Dominican Republic
1410
+12
1355
+14
🇦🇷 Persians · Argentina
1408
-15
🇨🇴 Wei · Colombia
1297
-11
🇦🇷 Koreans · Argentina
1256
-10
yinyangwar
6:55 Loom
9:26 Feudal Age
9:28 Man-at-Arms
18:50 Castle Age
17:22 Double-Bit Axe
18:24 Town Watch
18:51 Horse Collar
19:46 Padded Archer Armor
21:53 Leather Archer Armor
24:07 Husbandry
33:02 Ballistics
35:13 Wheelbarrow
37:21 Imperial Age
36:33 Bloodlines
36:29 Scale Barding Armor
36:35 Forging
37:08 Hand Cart
38:38 Chain Barding Armor
38:54 Iron Casting
37:52 Cavalier
40:16 Plate Barding Armor
40:05 Bow Saw
40:41 Fervor
40:42 Heavy Plow
42:22 Blast Furnace
42:43 Town Patrol
42:22 Capped Ram
42:55 Pikeman
43:36 Squires
43:37 Scale Mail Armor
43:42 Gambesons
44:36 Paladin
45:33 Chain Mail Armor
45:25 Halberdier
47:21 Plate Mail Armor
48:27 Chemistry
48:33 Ring Archer Armor
48:34 Conscription
53:53 Two-Man Saw
Malcolm Little
6:40 Loom
9:18 Feudal Age
9:47 Double-Bit Axe
14:15 Forging
15:21 Wheelbarrow
15:32 Scale Barding Armor
22:00 Castle Age
21:39 Bloodlines
21:59 Light Cavalry
23:37 Bow Saw
23:44 Gold Mining
28:12 Chain Barding Armor
29:02 Husbandry
40:39 Imperial Age
39:16 Gold Shaft Mining
38:21 Horse Collar
39:41 Heavy Plow
41:27 Iron Casting
40:44 Cavalier
41:39 Heavy Camel Rider
43:00 Plate Barding Armor
44:00 Stone Mining
44:33 Hand Cart
45:56 Blast Furnace
45:56 Two-Man Saw
44:43 Town Watch
48:03 Crop Rotation
49:26 Conscription
51:08 Masonry
51:28 Ballistics
52:44 Savar
52:45 Light Cavalry
[zWq]Ferdinand Von Lindemann
7:54 Loom
11:14 Feudal Age
11:49 Double-Bit Axe
11:53 Horse Collar
13:32 Town Watch
16:46 Fletching
17:24 Padded Archer Armor
29:13 Castle Age
28:29 Gold Mining
29:16 Crossbowman
29:52 Bodkin Arrow
30:19 Bow Saw
31:36 Leather Archer Armor
32:40 Wheelbarrow
36:20 Ballistics
36:20 Hand Cart
38:04 Thumb Ring
46:36 Imperial Age
48:16 Chemistry
47:18 Bracer
46:50 Arbalester
50:20 Conscription
51:49 Siege Engineers
52:37 Ring Archer Armor
INK | Goku
5:17 Loom
10:18 Feudal Age
12:24 Double-Bit Axe
16:08 Fletching
17:26 Wheelbarrow
24:13 Castle Age
23:45 Horse Collar
24:41 Crossbowman
25:30 Thumb Ring
26:49 Bodkin Arrow
27:19 Elite Skirmisher
28:29 Hand Cart
30:38 Ballistics
39:29 Imperial Age
40:24 Bracer
43:41 Chemistry
44:43 Arbalester
46:23 Capped Ram
INK | Moqui
6:33 Loom
8:45 Feudal Age
9:22 Double-Bit Axe
17:36 Scale Barding Armor
19:02 Wheelbarrow
18:41 Horse Collar
21:36 Castle Age
20:24 Gold Mining
21:02 Scale Barding Armor
21:32 Bloodlines
22:58 Bow Saw
23:53 Chain Barding Armor
24:57 Husbandry
30:32 Forging
35:23 Imperial Age
35:09 Cavalier
38:15 Heavy Camel Rider
39:58 Conscription
41:57 Plate Barding Armor
41:20 Town Watch
44:36 Iron Casting
45:32 Hand Cart
44:58 Savar
46:23 Gold Shaft Mining
48:34 Blast Furnace
51:43 Two-Man Saw
INK | papapitufoprado
4:46 Loom
9:26 Feudal Age
18:35 Fletching
24:27 Castle Age
24:50 Padded Archer Armor
26:07 Bodkin Arrow
28:53 Leather Archer Armor
29:52 Thumb Ring
36:09 Ballistics
40:57 Imperial Age
44:16 Conscription
44:46 Wheelbarrow
45:33 Bloodlines
44:45 Heavy Hei Guang Cavalry
46:17 Scale Barding Armor
47:08 Parthian Tactics
49:58 Bracer
51:02 Chemistry
51:38 Husbandry
Connection lost

Rejoining the realm…

Still unreachable

The connection could not be restored.

Session expired

The server has moved on; the page needs a fresh start.